 Dungeon Crawl Stone Soup version 0.25-a0-785-gb22c70e859 (webtiles) character file.

Game seed: 10224025673441906103, levelgen mode: deterministic

203 Astera the Poker (level 5, 0/63 HPs)
             Began as a Merfolk Gladiator on Apr 17, 2020.
             Was an Initiate of the Shining One.
             Succumbed to an orc wizard's poison
             ... on level 3 of the Dungeon.
             The game lasted 00:12:36 (1673 turns).

Astera the Poker (Merfolk Gladiator)                Turns: 1673, Time: 00:12:36

Health: 0/63       AC: 22    Str: 16    XL:     5   Next: 81%
Magic:  5/5        EV:  2    Int:  7    God:    the Shining One [......]
Gold:   85         SH:  3    Dex: 15    Spells: 4/4 levels left

rFire    . . .     SeeInvis .   a - +0 trident
rCold    . . .     Gourm    .   (no shield)
rNeg     + + +     Faith    .   (armour currently unavailable)
rPois    +         Spirit   .   (helmet currently unavailable)
rElec    .         Reflect  +   (cloak currently unavailable)
rCorr    .         Harm     .   (gloves currently unavailable)
MR       .....     NoTele   +   (boots currently unavailable)
Stlth    +.........             j - +3 amulet of reflection
HPRegen  0.20/turn              (no ring)
MPRegen  0.09/turn              (no ring)

@: lethally poisoned (0 -> -30), tree-form, glowing
A: (change form in water), (swift swim), (stealthy swim)
a: Renounce Religion


You were on level 3 of the Dungeon.
You worshipped the Shining One.
The Shining One was noncommittal.
You were not hungry.
You were a tree.
You visited 1 branch of the dungeon, and saw 3 of its levels.

You collected 85 gold pieces.

Inventory:

Hand Weapons
 a - a +0 trident (weapon)
Missiles
 d - 3 throwing nets
 l - 4 boomerangs (quivered)
Armour
 c - a +0 helmet (melded)
 i - a +4 ring mail (melded)
Jewellery
 j - a +3 amulet of reflection (around neck)
Scrolls
 b - 2 scrolls of remove curse
 m - a scroll of immolation {unknown}
Comestibles
 f - a ration


   Skills:
 + Level 3.6 Fighting
 + Level 5.9 Polearms
 + Level 3.3 Throwing
 + Level 5.3 Dodging


You had 4 spell levels left.
You didn't know any spells.
Your spell library was empty.

Dungeon Overview and Level Annotations

Branches:
Dungeon (3/15)

Altars:
The Shining One


Message History

You feel very sick.
The orc wizard hits you but does no damage. x2
It was a potion of flight.
Your roots keep you in place.
* * * LOW HITPOINT WARNING * * *
You feel very sick.
The orc wizard gestures at you while chanting.
You resist with some effort.
You hit the orc wizard.
You kill the orc wizard!
* * * LOW HITPOINT WARNING * * *
You feel very sick.
There is a lethal amount of poison in your body!
There isn't anything to butcher here.
Eat a chunk of flesh? (ye/n/q)
You eat the chunk of flesh.
This raw flesh tastes terrible.
The Shining One protects you from harm!
There is a lethal amount of poison in your body!
As you read the scroll labeled OCYUGR POMEED, it crumbles to dust.
You feel blessed for a moment.
It was a scroll of remove curse.
You die...

.# #.# #.#
########### #.##
..........# #..
#########.# #.#
.....(.##.######.#
######.........))#
####÷######♣# #..#
#.# #.## #.# #.#
#.# #.# ... #.#
... #.# ##. #.# ..
...


There were no monsters in sight!

Vanquished Creatures
  2 orc priests
  3 orc wizards
  An adder (D:2)
  2 worms (D:2)
  A dart slug (D:2)
  A leopard gecko (D:1)
  5 orcs
  3 giant cockroaches
  4 goblins
  5 hobgoblins
  3 jackals (D:3)
  A quokka (D:2)
  6 bats
  4 frilled lizards
  4 kobolds (D:1)
  4 rats
49 creatures vanquished.

Notes
Turn   | Place    | Note
-------+----------+-------------------------------------------
     0 | D:1      | Astera the Merfolk Gladiator began the quest for the Orb.
     0 | D:1      | Reached XP level 1. HP: 16/16 MP: 1/1
   163 | D:1      | Reached XP level 2. HP: 16/23 MP: 2/2
   486 | D:1      | Reached XP level 3. HP: 28/28 MP: 3/3
   906 | D:2      | Reached skill level 5 in Polearms
  1006 | D:2      | Reached XP level 4. HP: 35/35 MP: 4/4
  1020 | D:2      | Found a glowing golden altar of the Shining One.
  1233 | D:2      | Became a worshipper of the Shining One
  1506 | D:3      | Found a faded altar of an unknown god.
  1538 | D:3      | Reached skill level 5 in Dodging
  1544 | D:3      | Reached XP level 5. HP: 41/41 MP: 5/5
  1671 | D:3      | HP: 2/63 [poisoned by an orc wizard]
  1672 | D:3      | The Shining One protects you from harm!
  1673 | D:3      | Succumbed to an orc wizard's poison

Levels and vault maps discovered:
D:1:      lightli_arrival_farm, layout_rooms, hangedman_decor_push
D:2:      layout_loops_cross, lemuel_round_altar,
          corexii_item_surrounded_by_moat
D:3:      layout_loops_ring, chequers_ecumenical_altar_island,
          grunt_qazlal_clouds, uniq_crazy_yiuf_cottage

Skill      XL: |  1  2  3  4 |
---------------+-------------+-----
Polearms       | 5 |  5.9
Fighting       | 3 |  3.6
Throwing       | 3 |  3.3
Dodging        | 5 |  5.3

Action                   |  1- 3 |  4- 6 || total
-------------------------+-------+-------++-------
Melee: Trident           |   113 |    71 ||   184
Throw: Boomerang         |       |    16 ||    16
  Use: Potion            |       |     4 ||     4
       Scroll            |       |     1 ||     1
  Eat: Chunk             |       |     3 ||     3
Armor: Leather armour    |    16 |       ||    16
       Ring mail         |    19 |    28 ||    47
       Skin              |       |     2 ||     2
Dodge: Dodged            |    79 |    28 ||   107
Block: Other             |     1 |     4 ||     5

Table legend:
 A = Non-vault XP
 B = Vault XP
 C = Vault XP percentage of total XP
 D = Non-vault monster count
 E = Vault monster count
 F = Vault count percentage of total count
                 A         B        C        D         E       F
            +---------+---------+-------+---------+---------+-------
      Total |     290 |       0 |   0.0 |      49 |       0 |   0.0
            +---------+---------+-------+---------+---------+-------
        D:1 |      34 |       0 |   0.0 |      21 |       0 |   0.0
        D:2 |     124 |       0 |   0.0 |      18 |       0 |   0.0
        D:3 |     132 |       0 |   0.0 |      10 |       0 |   0.0
            +---------+---------+-------+---------+---------+-------
